 Dungeon Sprint DCSS version 0.30-a0-358-g0d69a1922f (webtiles) character file.

Game seed: 6702103818957121259

1638 rocky1 the Severer (level 8, -11/120 (124) HPs)
             Began as a Hill Orc Monk on Nov 9, 2022.
             Was an Elder of Okawaru.
             Killed from afar by Frances (42 damage)
             ... with an iron shot
             ... in the Dungeon (Sprint VII: "The Pits").
             The game lasted 00:03:18 (1807 turns).

rocky1 the Severer (Hill Orc Monk)                  Turns: 1807, Time: 00:03:19

HP:   -11/120 (124) AC: 16    Str: 16    XL:     8   Next: 98%
MP:   3/10          EV: 14    Int: 10    God:    Okawaru [****..]
Gold: 0             SH:  0    Dex: 19    Spells: 7/7 levels left

rFire   . . .      SeeInvis .    r - +1 broad axe (vorpal)
rCold   . . .      Faith    .    (no shield)
rNeg    . . .      Spirit   .    t - +4 scale mail
rPois   .          Reflect  .    u - +0 helmet
rElec   .          Harm     .    (no cloak)
rCorr   .          Rampage  .    (no gloves)
Will    .....      NoTele   +    s - +0 pair of boots
Stlth   ..........               (no amulet)
HPRegen 0.40/turn                o - +3 ring of dexterity
MPRegen 0.12/turn                p - +3 ring of dexterity

@: berserking, lethally poisoned (-11 -> -33), heroic, constricted, lightly
drained, invisible, very quick
A: no striking features
a: Renounce Religion, Heroism, Finesse


You were in the Dungeon.
You worshipped Okawaru.
Okawaru was greatly pleased with you.
You visited 1 branch

Inventory:

Hand Weapons
 a - a +0 hand axe
 l - a +2 hand axe
 n - a +2 vorpal hand axe
 r - a +1 vorpal broad axe (weapon)
Armour
 s - a +0 pair of boots (worn)
 t - a +4 scale mail (worn)
 u - a +0 helmet (worn)
Jewellery
 o - a +3 ring of dexterity (left hand)
 p - a +3 ring of dexterity (right hand)
Scrolls
 i - a scroll of blinking
 k - 5 scrolls of amnesia
Potions
 c - a potion of ambrosia
 d - 6 potions of curing
 f - 3 potions of haste
 g - 4 potions of magic
 h - a potion of berserk rage
 j - a potion of invisibility
 m - 9 potions of heal wounds
 q - a potion of mutation


   Skills:
 + Level 11.8(16.8) Fighting
 + Level 15.1(20.1) Axes
 + Level 6.7(11.7) Armour
 + Level 8.7(13.7) Dodging
 + Level 4.5(9.5) Stealth
 + Level 2.9 Invocations


You had 7 spell levels left.
You didn't know any spells.
Your spell library was empty.

Dungeon Overview and Level Annotations

Branches:
Dungeon (1/1)

Altars:
Ashenzari
Cheibriados
Dithmenos
Elyvilon
Fedhas
Gozag
Hepliaklqana
Kikubaaqudgha
Makhleb
Nemelex Xobeh
Okawaru
Qazlal
Ru
Sif Muna
Trog
Uskayaw
Vehumet
Wu Jian
Xom
Yredelemnul
Zin
The Shining One
Beogh
Jiyva
Lugonu

Annotations:
D Frances


Message History

The deep elf pyromancer casts a spell.
The nagaraja gestures wildly while chanting.
The nagaraja seems to speed up.
Frances screams a word of power!
The shard of ice hits you!!
You are too injured to fight recklessly!
Unknown command.
You feel much better.
You feel sick.
Frances hits you with a +2 mace of draining.
You feel drained.
Unknown command.
You fade into invisibility!
You feel sick. Frances hits you but does no damage.
You feel drained.
Frances says, "There is a strange beauty in the demonic, don't you think?"
Frances screams a word of power!
Unknown command.
A red film seems to cover your vision as you go berserk!
Your finesse ends abruptly.
You feel yourself moving faster!
You feel mighty!
You feel sick. The nagaraja closely misses you. The nagaraja grabs you.
The nagaraja constricts you.
Frances whispers indecipherable words.
The nagaraja hits you with a +0 flail. The nagaraja constricts you.
The rust devil barely misses you.
You barely miss the nagaraja.
You catch the helpless sixfirhy completely off-guard!
You hit the sixfirhy. You barely miss the rust devil. You slice Frances!!
You feel sick. The sixfirhy closely misses you. Frances misses you.
You slice the nagaraja!! You punch the nagaraja.
The nagaraja is heavily wounded.
You closely miss the sixfirhy.
You strike the helpless rust devil from behind!
You slash the rust devil! You slash Frances!
The nagaraja points at you and mumbles some strange words.
The bolt of poison hits you!!
You are more poisoned.
* * * LOW HITPOINT WARNING * * *
The nagaraja constricts you.
Frances whispers indecipherable words.
The iron shot hits you!!!
You die...

..# ..# ######## °.#
...##..# .°#
...##..# ○3#
...'').# E☼#
...''..##########@E#
...##...........@Ne#
...##..........34..#
####################


You could see Frances (fast), a nagaraja (fast), a soul eater (summoned), a rust
devil (summoned, unable to see you), a deep elf pyromancer (unable to see you),
a sixfirhy (summoned, unable to see you) and 2 fire elementals.

Vanquished Creatures
  A deep elf pyromancer (D)
  A cane toad (D)
  An ice devil (D)
  A fire bat (D)
  A floating eye (D)
  2 sky beasts (D)
  An ice beast (D)
  A crimson imp (D)
  An orc priest (D)
  A hound (D)
  An orc wizard (D)
  A gnoll (D)
  A river rat (D)
  An ufetubus (D)
  2 worms (D)
  3 orcs (D)
  A bat (D)
  A bat zombie (D)
  2 endoplasms (D)
  A giant cockroach (D)
  A hobgoblin (D)
  2 jackals (D)
  2 ball pythons (D)
  A ball python zombie (D)
  A frilled lizard (D)
32 creatures vanquished.

Notes
Turn   | Place    | Note
-------+----------+-------------------------------------------
     0 | D        | rocky1 the Hill Orc Monk began the quest for the Orb.
     0 | D        | Reached XP level 1. HP: 19/19 MP: 1/1
    22 | D        | Found a bloodstained altar of Trog.
    22 | D        | Found a shimmering blue altar of Sif Muna.
    22 | D        | Found a viscous altar of Jiyva.
    22 | D        | Found a hazy altar of Hepliaklqana.
    22 | D        | Found an opulent altar of Gozag.
    23 | D        | Found a glowing golden altar of the Shining One.
    23 | D        | Found a glowing silver altar of Zin.
    23 | D        | Found a basalt altar of Yredelemnul.
    23 | D        | Found a shimmering altar of Xom.
    23 | D        | Found an ornate altar of the Wu Jian Council.
    23 | D        | Found a sacrificial altar of Ru.
    23 | D        | Found a stormy altar of Qazlal.
    23 | D        | Found an iron altar of Okawaru.
    23 | D        | Found a sparkling altar of Nemelex Xobeh.
    23 | D        | Found a burning altar of Makhleb.
    23 | D        | Found a blossoming altar of Fedhas.
    23 | D        | Found a white marble altar of Elyvilon.
    23 | D        | Found a shadowy altar of Dithmenos.
    23 | D        | Found a snail-covered altar of Cheibriados.
    25 | D        | Found a radiant altar of Vehumet.
    25 | D        | Found a corrupted altar of Lugonu.
    25 | D        | Found a roughly hewn altar of Beogh.
    26 | D        | Found a hide-covered altar of Uskayaw.
    26 | D        | Found an ancient bone altar of Kikubaaqudgha.
    26 | D        | Found a broken altar of Ashenzari.
    31 | D        | Became a worshipper of Warmaster Okawaru
    31 | D        | Reached * piety under Okawaru
    31 | D        | Reached ** piety under Okawaru
    92 | D        | Reached XP level 2. HP: 25/28 MP: 2/2
   104 | D        | Noticed a floating eye
   108 | D        | Paralysed by a floating eye for 2 turns
   112 | D        | Reached skill level 5 in Axes
   114 | D        | Killed a floating eye
   115 | D        | Reached skill level 8 in Axes
   115 | D        | Reached XP level 3. HP: 38/38 MP: 0/3
   115 | D        | Reached XP level 4. HP: 45/45 MP: 0/4
   120 | D        | Reached skill level 5 in Dodging
   120 | D        | Reached XP level 5. HP: 48/51 MP: 0/5
   176 | D        | Noticed an ice beast
   186 | D        | Killed an ice beast
   187 | D        | Reached skill level 9 in Axes
   288 | D        | Noticed a fire bat
   295 | D        | Killed a fire bat
   295 | D        | Reached *** piety under Okawaru
   296 | D        | Reached skill level 11 in Axes
   296 | D        | Reached skill level 1 in Armour
   296 | D        | Reached XP level 6. HP: 40/63 MP: 3/6
   316 | D        | Reached XP level 7. HP: 42/71 MP: 4/7
   518 | D        | Noticed a cane toad
   531 | D        | Killed a cane toad
   531 | D        | Reached **** piety under Okawaru
   532 | D        | Reached skill level 10 in Fighting
   532 | D        | Reached skill level 13 in Axes
   532 | D        | Reached skill level 1 in Invocations
  1079 | D        | Reached XP level 8. HP: 68/82 MP: 9/9
  1227 | D        | Noticed an ice devil
  1247 | D        | Killed an ice devil
  1248 | D        | Reached skill level 14 in Axes
  1248 | D        | Reached skill level 5 in Armour
  1664 | D        | Noticed a deep elf pyromancer
  1674 | D        | Killed a deep elf pyromancer
  1675 | D        | Reached skill level 15 in Axes
  1798 | D        | Noticed a deep elf pyromancer
  1798 | D        | Noticed Frances
  1798 | D        | Noticed a nagaraja
  1805 | D        | Noticed a rust devil
  1806 | D        | Noticed a soul eater
  1806 | D        | Noticed a sixfirhy
  1807 | D        | Killed from afar by Frances

Illustrated notes

Levels and vault maps discovered:
D:        pitsprint [storerooms_1, entrance_room_1, metal_vault_5, armoury_1,
          mini_pit_1, grid_room_1, main_hall_1, silver_pit, the_coven_3,
          the_vestibule_1, steel_vault_4, golden_pit, hallway_of_sentries,
          crystal_vault_1, iron_vault_4, final_vault]

Skill      XL: |  1  2  3  4  5  6  7  8 |
---------------+-------------------------+-----
Fighting       | 4 6 9 11 | 11.8
Dodging        | 3 4 5 6 7 8 |  8.7
Axes           | 8 11 13 15 | 15.1
Stealth        | 2 3 4 |  4.5
Armour         | 1 4 6 |  6.7
Invocations    | 1 2 |  2.9

Action                   |  1- 3 |  4- 6 |  7- 9 || total
-------------------------+-------+-------+-------++-------
Melee: Hand axe          |    19 |    31 |    50 ||   100
       Punch             |       |     1 |     6 ||     7
       Broad axe         |       |       |     8 ||     8
Invok: Heroism           |     1 |     1 |     3 ||     5
       Finesse           |       |       |     1 ||     1
  Use: Potion            |     1 |       |     7 ||     8
 Stab: Sleeping          |     1 |       |       ||     1
       Invisible         |       |       |     2 ||     2
Armor: Robe              |     3 |       |       ||     3
       Chain mail        |       |    12 |    12 ||    24
       Scale mail        |       |       |     2 ||     2
Dodge: Dodged            |    17 |     7 |    18 ||    42

Table legend: (Time is in decaauts)
 A = Elapsed time spent in this place.
 B = Non-inter-level travel time spent in this place.
 C = Inter-level travel time spent in this place.
 D = Time resting spent in this place.
 E = Time spent auto-exploring this place.
 F = Levels seen in this place.
 G = Mean time per level.
                   A        B        C        D        E       F      G
               +--------+--------+--------+--------+--------+-----+--------+
         Total |   1788 |   1739 |     49 |   1370 |      0 |   1 | 1788.0 |
       Dungeon |   1788 |   1739 |     49 |   1370 |      0 |   1 | 1788.0 |
               +--------+--------+--------+--------+--------+-----+--------+

Top non-repeatable levels by time:
       D: 1788 daAuts
